 Dungeon Crawl Stone Soup version 0.17.1-1-g73c8601 (webtiles) character file.

58 shmeve the Chopper (level 3, -1/33 HPs)
             Began as a Minotaur Berserker on Apr 23, 2016.
             Was a Believer of Trog.
             Succumbed to kobold's curare-tipped needle
             ... on level 3 of the Dungeon.
             The game lasted 00:03:09 (1504 turns).

shmeve the Chopper (Minotaur Berserker)             Turns: 1504, Time: 00:03:09

Health: -1/33      AC:  9    Str: 21    XL:     3   Next: 75%
Magic:  2/2        EV:  8    Int:  5    God:    Trog [**....]
Gold:   97         SH:  0    Dex:  9    Spells: 0 memorised, 2 levels left

rFire  . . .     SeeInvis .     a - +0 hand axe
rCold  . . .     Clarity  .     k - +0 chain mail
rNeg   . . .     SustAt   .     (no shield)
rPois  .         Gourm    .     (helmet restricted)
rElec  .         Spirit   .     (no cloak)
rCorr  .         Warding  .     (no gloves)
rMut   .         Stasis   .     (no boots)
MR     ++...                    (no amulet)
Stlth  ..........               (no ring)
                                (no ring)

@: lethally poisoned (-1 -> -14), regenerating, slowed, very slow, very
resistant to hostile enchantments, extremely unstealthy
A: retaliatory headbutt, horns 2
a: Berserk, Trog's Hand, Burn Spellbooks, Renounce Religion


You were on level 3 of the Dungeon.
You worshipped Trog.
Trog was pleased with you.
You were not hungry.

You visited 1 branch of the dungeon, and saw 3 of its levels.

You collected 97 gold pieces.

Inventory:

Hand Weapons
 a - a +0 hand axe (weapon)
Missiles
 h - 13 tomahawks (quivered)
Armour
 k - a +0 chain mail (worn)
Scrolls
 d - a scroll of fog {unknown}
 e - a scroll of noise {unknown}
 f - a scroll of magic mapping {unknown}
 g - 2 scrolls of identify {unknown}
Potions
 j - a potion of poison {unknown}
 l - 2 potions of lignification {unknown}
Comestibles
 c - a bread ration
 i - 3 meat rations


   Skills:
 * Level 4.1 Fighting
 * Level 4.3 Axes
 + Level 1.0 Throwing
 + Level 3.0 Armour
 + Level 2.7 Dodging


You had 2 spell levels left.
You didn't know any spells.

Dungeon Overview and Level Annotations

Branches:
Dungeon (3/15)

Altars:
Elyvilon
The Shining One


Innate Abilities, Weirdness & Mutations

You reflexively headbutt those who attack you in melee.
You have a pair of horns on your head.


Message History

* * * LOW HITPOINT WARNING * * *
You feel as though you will be slow longer.
Found a purple potion.
A quokka comes into view.
You see here 2 curare-tipped needles.
* * * LOW HITPOINT WARNING * * *
You feel very sick. The quokka bites you.
* * * LOW HITPOINT WARNING * * *
The quokka closely misses you.
The kobold unwields an uncursed blowgun.
The kobold wields an uncursed club.
The kobold hits you but does no damage.
Found a stone staircase leading down.
You hit the kobold.
You kill the kobold!
Trog accepts your kill.
You slash the quokka!
You kill the quokka!
Trog accepts your kill.
You die...

..# #.# ..# #.# .## ###
#.# #.# ## #.. #.# #.#
# #.# #.# #.# #
#######.# #.# #.#
##.##.....#.# #.# #.#
.>....).#.#<# #.# #.#
...#.#@#.#.# #.# #.#
....(.†.(...#####.###.#
......#..(............#
.!....###!######.######
..... #.# #.# .#.#. #.#
#.# ### #.# #.# ..# #.#
... ..#


There were no monsters in sight!

Vanquished Creatures
  An adder (D:2)
  A worm (D:2)
  A giant gecko (D:1)
  3 orcs (D:2)
  A ball python (D:1)
  4 bats (D:1)
  7 hobgoblins
  2 jackals (D:2)
  4 kobolds
  2 giant cockroaches
  A giant newt (D:1)
  7 goblins
  4 quokkas
  A rat (D:1)
  2 toadstools (D:1)
41 creatures vanquished.

Vanquished Creatures (others)
  2 toadstools (D:1)
2 creatures vanquished.

Grand Total: 43 creatures vanquished

Notes
Turn   | Place    | Note
--------------------------------------------------------------
     0 | D:1      | shmeve the Minotaur Berserker began the quest for the Orb.
     0 | D:1      | Reached XP level 1. HP: 19/19 MP: 0/0
   171 | D:1      | Reached XP level 2. HP: 27/27 MP: 1/1
   250 | D:1      | Reached skill level 4 in Axes
   303 | D:1      | Reached ** piety under Trog
   683 | D:2      | Reached XP level 3. HP: 24/33 MP: 2/2
   707 | D:2      | Found a glowing golden altar of the Shining One.
   711 | D:2      | Found a white marble altar of Elyvilon.
  1267 | D:2      | You fall through a shaft!
  1404 | D:3      | Reached skill level 1 in Throwing
  1504 | D:3      | Succumbed to kobold's curare-tipped needle

Action                   || total
-------------------------++-------
Melee: Hand axe          ||    72
Throw: Tomahawk          ||     5
Invok: Trog's Hand       ||     1
  Eat: Chunk             ||     2
